Map: Мир спящих РВ

Players

Murena - Winner!

  • Race: Terran Terran
  • Spawn Location: 1:00

ИИ 1 (новичок)

  • Race: Terran Terran
  • Spawn Location: 7:00

VOD

Have the link to the VOD?

Description

Time

  • Played on: Aug. 15, 2019, 9:45 a.m.
  • Length: 37:55
Show
View Real Time Build Order
Export as new Build Order

Murena Terran - Winner!

Build Orders:  

Get SALT Encoding   

  12  0:24  Supply Depot  
  12  0:39  SCV  
  13  0:51  SCV  
  13  0:52  Barracks  
  14  1:15  SCV  
  15  1:27  SCV  
  16  1:43  Marine  
  17  2:01  Marine  
  18  2:04  Engineering Bay  
  18  2:18  Marine  
  19  2:36  Marine  
  20  2:53  Command Center  
  20  2:54  Marine  
  21  3:12  Marine  
  22  3:30  Marine  
  23  3:49  Refinery  
  23  4:05  Marine  
  24  4:17  Supply Depot  
  24  4:22  Marine  
  25  4:44  Supply Depot  
  25  4:53  Barracks Tech Lab  
  25  5:09  Supply Depot  
  25  5:13  Marauder  
  27  5:34  Reaper  
  28  5:37  SCV  
  29  5:49  SCV  
  30  6:01  SCV  
  31  6:07  Marauder  
  33  6:13  SCV  
  35  6:25  SCV  
  35  6:28  Marauder  
  37  6:45  Combat Shield  
  37  6:50  Marauder  
  39  7:11  Marauder  
  41  8:19  Factory  
  41  8:53  Marauder  
  43  9:05  Stimpack  
  43  9:14  Marauder  
  45  9:30  Terran Infantry Armor Level 1  
  45  9:36  Marauder  
  47  9:45  Widow Mine  
  49  9:57  Marauder  
  51  10:05  Ghost Academy  
  51  10:06  Widow Mine  
  53  10:18  Marauder  
  55  10:28  Widow Mine  
  57  11:08  Personal Cloaking  
  57  12:28  Command Center  
  56  13:35  Nuke  
  56  13:54  Unknown  
  56  13:59  Planetary Fortress  
  56  14:03  Starport  
  56  14:05  Orbital Command  
  54  15:44  Viking  
  56  15:53  Factory Tech Lab  
  56  16:06  Concussive Shells  
  56  16:14  Viking  
  58  16:44  Viking  
  60  16:53  Refinery  
  60  17:13  Viking  
  62  17:16  Refinery  
  54  17:37  Marine, Unknown  
  53  17:55  Marine  
  54  18:13  Marine  
  55  18:30  Marine  
  58  19:17  Unknown  
  60  19:45  Unknown  
  29  20:47  Marine  
  30  21:02  Barracks  
  30  21:04  Barracks  
  30  21:05  Marine  
  31  21:23  Marine  
  28  21:41  Marine  
  28  21:58  Marine  
  29  22:10  Barracks x4  
  29  22:13  Barracks  
  29  22:34  Marine x3  
  32  22:48  SCV  
  33  22:51  Marine  
  33  22:52  Marine x2  
  36  23:00  SCV  
  37  23:09  Marine  
  37  23:10  Marine x2  
  37  23:12  SCV  
  41  23:23  Siege Tank  
  41  23:24  SCV  
  45  23:27  Marine x2  
  45  23:28  Marine  
  48  23:36  SCV  
  49  23:45  Marine x3  
  52  23:55  Siege Tank  
  55  24:27  Siege Tank  
  58  24:59  Medivac  
  41  26:13  Medivac  
  43  26:22  Marine  
  44  26:34  Marine x4  
  44  26:38  Marine x3  
  51  26:40  Marine  
  52  26:51  Marine  
  52  26:52  Marine x3  
  56  26:56  Marine x3  
  56  26:58  Marine  
  60  27:09  Marine x2  
  62  27:43  Command Center  
  62  28:24  Refinery  
  62  28:49  Bunker  
  62  28:55  Marine x8  
  70  28:56  Missile Turret  
  70  29:07  Missile Turret  
  70  29:09  Planetary Fortress  
  70  29:12  Marine x7  
  77  29:22  Missile Turret  
  77  29:27  Marine  
  77  29:30  Marine x2  
  77  29:43  Supply Depot  
  77  29:45  Supply Depot  
  77  29:46  Supply Depot  
  77  29:48  Supply Depot  
  77  29:52  Nuke  
  77  30:03  Factory  
  77  30:04  Marine x4  
  81  30:20  Marine x4  
  85  30:22  Marine x3  
  88  30:34  Planetary Fortress  
  88  30:38  Marine x4  
  90  31:55  Missile Turret  
  90  31:59  Bunker  
  80  32:33  Nuke  
  80  33:04  Sensor Tower  
  79  35:11  Nuke  
Show
View Real Time Build Order
Export as new Build Order

ИИ 1 (новичок) Terran 

Build Orders:  

Get SALT Encoding   

  12  0:00  SCV  
  13  0:13  SCV  
  14  0:18  Supply Depot  
  14  0:37  Refinery  
  14  0:43  Barracks  
  14  1:02  Supply Depot  
  14  1:12  Refinery  
  14  1:31  Marine  
  15  1:33  Orbital Command  
  15  1:50  Barracks Tech Lab  
  15  1:58  SCV  
  16  2:10  SCV  
  16  2:15  Marine  
  18  2:22  SCV  
  19  2:34  SCV  
  20  2:47  SCV  
  21  2:59  SCV  
  21  3:00  Marauder  
  24  6:36  SCV  
  24  6:37  Marine  
  24  6:39  Supply Depot  
  26  6:41  Factory  
  26  6:43  Command Center  
  26  6:48  SCV  
  27  7:00  SCV  
  28  7:02  Supply Depot  
  28  7:11  Marine  
  28  7:12  SCV  
  26  7:25  SCV  
  26  7:29  Starport  
  27  7:45  Marine  
  28  7:55  SCV  
  29  7:58  Refinery  
  29  8:03  SCV  
  30  8:07  Refinery, Starport Tech Lab  
  30  8:10  SCV  
  31  8:17  SCV  
  31  8:18  Marine  
  33  8:24  SCV  
  33  8:26  Raven  
  36  8:31  SCV  
  37  8:38  SCV  
  38  8:46  SCV  
  39  8:52  Marine  
  39  8:53  SCV  
  41  9:00  SCV  
  42  9:07  SCV  
  42  9:09  Raven  
  45  9:15  SCV  
  46  9:22  SCV  
  47  9:26  Marauder  
  47  9:29  SCV  
  50  9:36  SCV  
  51  12:24  Reaper  
  51  12:25  Medivac  
  51  12:26  Supply Depot  
  54  12:55  Medivac  
  54  12:56  Marauder  
  49  13:17  Marine  
  50  13:25  Raven  
  52  13:35  Marine  
  52  13:40  Command Center  
  53  13:53  Marine  
  54  14:07  Raven  
  56  14:11  Reaper  
  57  14:43  Marauder  
  59  14:55  Refinery  
  59  15:04  Marine  
  60  15:11  Refinery  
  60  15:22  Marine  
  61  16:39  Factory Tech Lab, Marine  
  62  17:00  Siege Tank  
  65  17:32  Siege Tank  
  65  17:37  Raven  
  63  17:40  Marine  
  54  17:58  Marine  
  55  18:08  Siege Tank  
  58  18:19  Raven  
  58  18:21  Marine  
  61  18:39  Marine  
  62  18:57  Marine  
  62  19:02  Raven  
  61  20:07  Siege Tank  
  61  20:08  SCV  
  61  20:09  Raven  
  61  20:21  Marine  
  59  20:24  Command Center  
  59  20:40  Siege Tank  
  62  21:03  SCV  
  62  21:11  Armory  
  62  21:12  Siege Tank  
  59  21:48  Refinery  
  59  21:51  Refinery  
  56  21:58  Thor  
  62  24:41  Marine  
  63  24:58  Marine  
  64  25:08  Siege Tank  
  67  25:22  Marine  
  68  25:40  Marine  
  69  25:49  Siege Tank  
  60  26:03  Marine  
  61  26:21  Marine  
  62  26:30  Siege Tank  
  65  27:17  Command Center  
  65  28:32  SCV  
  65  28:36  Unknown  
  65  29:20  Marine  
  57  29:25  Raven  
  51  29:38  Marine  
  52  29:48  Siege Tank  
  55  30:01  Marine  
  56  30:19  Marine  
  57  30:29  Siege Tank  
  60  30:42  Marine  
  61  31:00  Marine  
  62  31:08  Raven  
  62  31:10  SCV  
  46  31:11  Siege Tank  
  46  31:17  SCV  
  48  31:24  SCV  
  43  31:32  SCV  
  42  31:39  SCV  
  41  31:40  Marine  
  41  31:46  SCV  
  42  31:51  Raven  
  42  31:54  SCV  
  43  32:01  SCV  
  37  32:03  Marine  
  37  32:08  SCV  
  36  32:15  SCV  
  30  32:19  Command Center  
  30  32:22  SCV  
  29  32:29  SCV  
  23  32:31  Marine  
  23  32:34  Medivac  
  23  32:37  SCV  
  24  32:44  SCV  
  21  32:49  Marine  
  12  32:58  SCV  
  9  33:09  Factory  
  9  33:10  Orbital Command  
  4  33:35  SCV  
  4  33:48  SCV  
  5  34:00  SCV  
  4  34:12  SCV  
  5  34:24  SCV  
  4  34:36  SCV  
  4  34:39  Supply Depot  
  4  34:48  SCV  
  4  35:00  SCV  
  5  35:10  Barracks  
  5  35:12  SCV  
  4  35:24  SCV  
  4  35:27  Supply Depot  
  5  35:36  SCV  
  6  35:49  SCV  
  6  35:56  Marine  
  6  36:01  SCV  
  7  36:06  Supply Depot  
  6  36:13  SCV  
  6  36:14  Marine  
  7  36:25  SCV  
  7  36:28  Factory  
  7  36:32  Marine  
  7  36:37  SCV  
  6  36:49  SCV  
Tags
 
Add a new tag
Caveats
  • Supply blocks, unpowered buildings, or Contaminate may cause inaccurate times.
  • Supply counts are checked every 10 seconds.